 Seeded DCSS version 0.30.1-4-g462c640d31 (webtiles) character file.

Game seed: 6351066067085065685 (custom seed)

245 Esekla the Magician (level 5, -3/28 HPs)
             Began as a Deep Elf Wanderer on Sept 6, 2023.
             Was a Follower of Vehumet.
             Slain by an iguana (13 damage)
             ... on level 5 of the Dungeon.
             The game lasted 00:25:31 (3463 turns).

Esekla the Magician (Deep Elf Wanderer)             Turns: 3463, Time: 00:25:32

Health: -3/28      AC:  4    Str: 11    XL:     5   Next: 84%
Magic:  10/16      EV: 11    Int: 20    God:    Vehumet [*.....]
Gold:   182        SH:  4    Dex: 14    Spells: 7/17 levels left

rFire   . . .        s - +5 rapier of the Hero {heavy, rN+ Dex+3}
rCold   . . .        d - +0 buckler
rNeg    + . .        c - +0 robe
rPois   .            l - +0 helmet
rElec   .            (no cloak)
rCorr   .            n - +0 pair of gloves
SInv    .            (no boots)
Will    .....        C - amulet of magic regeneration
Stlth   ++           (no ring)
HPRegen 0.24/turn    (no ring)
MPRegen 0.55/turn

%: no passive effects
@: very slightly contaminated
A: no striking features
a: Renounce Religion


You were on level 5 of the Dungeon.
You worshipped Vehumet.
Vehumet was aware of your devotion.
You visited 1 branch of the dungeon, and saw 5 of its levels.

You collected 182 gold pieces.

Inventory:

Hand Weapons
 a - a +2 vampiric dagger
 r - a +0 trident
 s - the +5 rapier of the Hero (weapon) {heavy, rN+ Dex+3}
   (You found it on level 3 of the Dungeon)

   Dex:       It affects your dexterity (+3).
   rN:        It protects you from negative energy.
Missiles
 x - 7 poisoned darts (quivered)
 z - a throwing net
Armour
 c - a +0 robe (worn)
 d - a +0 buckler (worn)
 l - a +0 helmet (worn)
 n - a +0 pair of gloves (worn)
Jewellery
 C - an amulet of magic regeneration (around neck)
Wands
 i - a wand of roots (8)
Scrolls
 f - a scroll of fear {unknown}
 g - 4 scrolls of identify {unknown}
 o - a scroll of enchant armour {unknown}
 p - a scroll of amnesia {unknown}
 q - a scroll of immolation {unknown}
 v - a scroll of fog {unknown}
 w - a scroll of blinking {unknown}
 y - a scroll of silence {unknown}
 A - 2 scrolls of enchant weapon {unknown}
 B - a scroll of magic mapping {unknown}
Potions
 b - 2 potions of lignification
 e - a potion of ambrosia {unknown}
 h - 2 potions of attraction {unknown}
 j - a potion of haste {unknown}
 k - 3 potions of curing {unknown}
 m - a potion of mutation {unknown}
 t - 3 potions of brilliance {unknown}
 u - a potion of heal wounds {unknown}


   Skills:
 + Level 0.2 Short Blades
 + Level 0.2 Throwing
 + Level 0.6 Dodging
 + Level 2.0 Stealth
 * Level 2.2 Shields
 * Level 6.8 Spellcasting
 + Level 2.0 Conjurations
 * Level 2.4 Necromancy
 + Level 2.6 Translocations
 + Level 1.0 Invocations


You had 7 spell levels left.
You knew the following spells:

 Your Spells              Type           Power      Damage    Failure   Level
a - Magic Dart            Conj           56%        1d5       6%          1
b - Blink                 Tloc           34%        N/A       7%          2
d - Vampiric Draining     Necr           16%        2d7       16%         3
p - Apportation           Tloc           34%        N/A       4%          1
t - Teleport Other        Tloc           17%        N/A       14%         3

Your spell library contained the following spells:

 Spells                   Type           Power      Damage    Failure   Level
 Sandblast                Erth           12%        2d6       14%         1
 Lesser Beckoning         Tloc           34%        N/A       7%          2
 Gell's Gravitas          Tloc           17%        N/A       14%         3
 Ignite Poison            Fire/Tmut/Pois 6%         N/A       38%         3
 Spider Form              Tmut/Pois      6%         N/A       38%         3
 Cause Fear               Hex            3%         N/A       80%         4
 Summon Mana Viper        Hex/Summ       6%         N/A       98%         5


Dungeon Overview and Level Annotations

Branches:
Dungeon (5/15)
 Temple: D:4-7

Altars:
Dithmenos
Hepliaklqana
Okawaru
Qazlal
Trog
Vehumet
Zin
The Shining One

Shops:
D:2 =   D:4 (


Message History

The iguana hisses angrily.
There is a stone staircase leading up here.
You barely miss the iguana. The iguana barely misses you.
You hit the iguana.
The iguana is lightly wounded.
The iguana bites you! The iguana barely misses you.
Casting: Magic Dart (safe; 6% risk of failure)
Confirm with . or Enter, or press ? or * to list all spells.
The spell is quite dangerous to miscast (16% risk of failure)!
Continue anyway?
Aiming: Vampiric Draining (quite dangerous; 16% risk of failure)
Press: ? - help, Shift-Dir - straight line, f - iguana
Aim: an iguana (lightly wounded)
You draw life force from the iguana!
You feel life coursing into your body.
The iguana bites you but does no damage.
You closely miss the iguana.
The iguana is severely wounded.
The iguana misses you.
The iguana bites you but does no damage.
You barely miss the iguana.
The iguana is severely wounded.
The iguana bites you. The iguana closely misses you.
Casting: Vampiric Draining (quite dangerous; 16% risk of failure)
Confirm with . or Enter, or press ? or * to list all spells.
The spell is quite dangerous to miscast (16% risk of failure)!
Continue anyway?
Aiming: Vampiric Draining (quite dangerous; 16% risk of failure)
Press: ? - help, Shift-Dir - straight line, f/p - iguana
Aim: an iguana (severely wounded)
You miscast Vampiric Draining.
You are very lightly contaminated with residual magic.
Nothing appears to happen.
The iguana bites you!
* * * LOW HITPOINT WARNING * * *
Casting: Vampiric Draining (quite dangerous; 16% risk of failure)
Confirm with . or Enter, or press ? or * to list all spells.
The spell is quite dangerous to miscast (16% risk of failure)!
Continue anyway?
Aiming: Vampiric Draining (quite dangerous; 16% risk of failure)
Press: ? - help, Shift-Dir - straight line, f/p - iguana
Aim: an iguana (severely wounded)
You draw life force from the iguana.
You feel life coursing into your body. The iguana bites you!
You die...

. # .## #...#
.#.# ..# #.#
##.## #
##...###.#
#..#..@l.#
##....#####
##....## ##
######.....#
.#
#..........#
.#
#.####.....#
.# #.# ##...##
.###.######.##
............#


You could see an iguana.

Vanquished Creatures
  A gnoll bouda (D:4)
  A hound (D:3)
  An iguana (D:2)
  5 gnolls
  5 adders
  A worm (D:4)
  3 dart slugs
  7 orcs
  3 endoplasms
  7 goblins
  5 hobgoblins
  A quokka (D:1)
  5 ball pythons
  4 bats
  4 frilled lizards
  4 kobolds
  A rat (D:2)
58 creatures vanquished.

Notes
Turn   | Place    | Note
-------+----------+-------------------------------------------
     0 | D:1      | Esekla the Deep Elf Wanderer began the quest for the Orb.
     0 | D:1      | Esekla set off with the following items: a +0 club, a
                  | potion of lignification, a +0 robe, a +0 buckler; and the
                  | following spells available to memorise: Apportation, Blink,
                  | Lesser Beckoning, Magic Dart, Ignite Poison, Vampiric
                  | Draining.
     0 | D:1      | Reached XP level 1. HP: 10/10 MP: 7/7
   181 | D:2      | Found Renulab's Jewellery Shop.
   403 | D:2      | Learned a level 1 spell: Apportation
   405 | D:2      | Learned a level 1 spell: Magic Dart
   546 | D:4      | Found an iron altar of Okawaru.
   557 | D:4      | Found a glowing silver altar of Zin.
   628 | D:4      | Found a radiant altar of Vehumet.
   636 | D:4      | Became a worshipper of Vehumet
   698 | D:4      | Found a glowing golden altar of the Shining One.
   788 | D:3      | Reached skill level 5 in Spellcasting
   856 | D:3      | Reached XP level 2. HP: 15/15 MP: 10/10
  1179 | D:3      | Identified the +5 rapier of the Hero {heavy, rN+ Dex+3}
  1378 | D:1      | Reached XP level 3. HP: 19/19 MP: 9/12
  1382 | D:1      | Learned a level 3 spell: Vampiric Draining
  1611 | D:1      | Learned a level 2 spell: Blink
  1661 | D:1      | Reached * piety under Vehumet
  1661 | D:1      | Offered knowledge of Sandblast by Vehumet.
  1662 | D:1      | Reached skill level 1 in Necromancy
  1725 | D:2      | Noticed a black bear
  1740 | D:2      | Found a faded altar of an unknown god.
  1797 | D:2      | Reached skill level 1 in Conjurations
  1797 | D:2      | Reached XP level 4. HP: 21/24 MP: 9/13
  2094 | D:3      | Found a stormy altar of Qazlal.
  2127 | D:3      | Found a hazy altar of Hepliaklqana.
  2129 | D:3      | Found a bloodstained altar of Trog.
  2172 | D:3      | Reached skill level 6 in Spellcasting
  2454 | D:4      | Reached XP level 5. HP: 22/28 MP: 8/15
  2649 | D:4      | Learned a level 3 spell: Teleport Other
  2760 | D:4      | Noticed a centaur
  3065 | D:4      | Found Ponaysk's Antique Weapon Boutique.
  3364 | D:5      | Entered Level 5 of the Dungeon
  3372 | D:5      | Got the Parchment of the Lumpy Olives
  3387 | D:5      | Found a shadowy altar of Dithmenos.
  3463 | D:5      | Slain by an iguana

Illustrated notes

Levels and vault maps discovered:
D:1:      sevenhm_arrival_forest_fort_small_3, layout_rooms,
          chequers_serial_rivers_room_b, minmay_misc_feat_five
D:2:      layout_loops_ring, dreamdust_ecumenical_altar_angels_and_demons,
          serial_shops, shop
D:3:      layout_basic, grunt_temple_overflow_open, minmay_misc_feat_iff
D:4:      layout_basic, nicolae_overflow_quartered_altars, serial_shops,
          nicolae_diamond_shop
D:5:      layout_loops_ring, lemuel_doored_altar, minmay_misc_feat_rows,
          dreamdust_wishing_well

Skill      XL: |  1  2  3  4  5 |
---------------+----------------+-----
Spellcasting   | 5 6 |  6.8
Necromancy     | 1 2 |  2.4
Conjurations   | 1 2 |  2.0
Shields        | 2 |  2.2
Stealth        | 2 |  2.0
Short Blades   | |  0.2
Throwing       | |  0.2
Dodging        | |  0.6
Translocations | |  2.6
Invocations    | |  1.0

Action                     |  1- 3 |  4- 6 || total
---------------------------+-------+-------++-------
  Melee: Short sword       |    64 |    44 ||   108
         Club              |     3 |       ||     3
         Dagger            |       |     9 ||     9
         Rapier            |       |     4 ||     4
  Throw: Dart              |     4 |    19 ||    23
   Cast: Apportation       |    19 |       ||    19
         Magic Dart        |    42 |    34 ||    76
         Vampiric Draining |     1 |    14 ||    15
         Blink             |     1 |       ||     1
         Teleport Other    |       |     2 ||     2
  Evoke: Wand              |     1 |       ||     1
   Stab: Sleeping          |     3 |       ||     3
 Armour: Robe              |    21 |    16 ||    37
  Dodge: Dodged            |    41 |    30 ||    71
  Block: Buckler           |    12 |     9 ||    21
